 Dungeon Crawl Stone Soup version 0.31-a0-95-g6fa058ef04 (webtiles) character file.

Game seed: 4986314320582342340

338 frimble the Cutter (level 6, -2/39 HPs)
             Began as an Octopode Warper on May 25, 2023.
             Slain by an orc
             ... wielding a +0 whip
              (4 damage)
             ... on level 4 of the Dungeon.
             The game lasted 00:03:55 (2782 turns).

frimble the Cutter (Octopode Warper)                Turns: 2782, Time: 00:03:55

Health: -2/39      AC:  1    Str: 12    XL:     6   Next: 55%
Magic:  5/9        EV: 13    Int: 18    God:
Gold:   145        SH:  0    Dex: 11    Spells: 3/9 levels left

rFire   . . .        r - +9 whip of Ciucatze {drain, rC+ rN+ Str+2}
rCold   + . .        (no shield)
rNeg    + . .        (helmet restricted)
rPois   .            d - amulet of the acrobat
rElec   .            (no ring)
rCorr   .            (no ring)
SInv    .            (no ring)
Will    .....        (no ring)
Stlth   ++           (no ring)
HPRegen 0.26/turn    (no ring)
MPRegen 0.11/turn    (no ring)
                     (no ring)

%: acrobat
@: lethally poisoned (-2 -> -6), very slightly contaminated
A: almost no armour, amphibious, 8 rings, camouflage 1, gelatinous body 1,
(nimble swimmer 1), tentacles
a: no special abilities


You were on level 4 of the Dungeon.
You visited 1 branch of the dungeon, and saw 4 of its levels.

You collected 145 gold pieces.

Inventory:

Hand Weapons
 a - a +0 short sword
 f - a +1 short sword of flaming
 g - a +2 dagger of draining
 j - a +1 dagger of holy wrath
 r - the +9 whip of Ciucatze (weapon) {drain, rC+ rN+ Str+2}
   (You found it on level 4 of the Dungeon)

   Str:       It affects your strength (+2).
   rC:        It protects you from cold.
   rN:        It protects you from negative energy.
Missiles
 c - 7 boomerangs of dispersal
 m - 3 boomerangs
 s - a throwing net
Jewellery
 d - an amulet of the acrobat (around mantle)
Wands
 q - a wand of acid (9)
Scrolls
 b - a scroll of blinking
 h - a scroll of torment
 l - a scroll of amnesia {unknown}
 o - a scroll of identify
 p - a scroll of brand weapon {unknown}
Potions
 e - a potion of mutation {unknown}
 i - 2 potions of curing
 k - a potion of enlightenment {unknown}
 n - 2 potions of lignification {unknown}
 t - a potion of heal wounds {unknown}


   Skills:
 + Level 2.2 Fighting
 - Level 5.1 Short Blades
 + Level 0.6 Maces & Flails
 - Level 1.0 Throwing
 - Level 2.3 Dodging
 - Level 2.0 Spellcasting
 - Level 3.0 Translocations
 + Level 4.6 Poison Magic


You had 3 spell levels left.
You knew the following spells:

 Your Spells              Type           Power      Damage    Failure   Level
a - Blink                 Tloc           24%        N/A       8%          2
b - Olgreb's Toxic Radia  Pois           18%        N/A       26%         4

Your spell library contained the following spells:

 Spells                   Type           Power      Damage    Failure   Level
 Sting                    Tmut/Pois      36%        1d4       8%          1
 Lesser Beckoning         Tloc           24%        N/A       8%          2
 Poisonous Vapours        Pois/Air       18%        N/A       12%         2
 Teleport Other           Tloc           12%        N/A       16%         3
 Vhi's Electric Charge    Tloc/Air       12%        N/A       32%         3
 Manifold Assault         Tloc           12%        N/A       45%         4


Dungeon Overview and Level Annotations

Branches:
Dungeon (4/15)
 Temple: D:4-7

Altars:
Gozag
Kikubaaqudgha
Trog
Xom
The Shining One

Shops:
D:4 [


Innate Abilities, Weirdness & Mutations

You cannot wear most types of armour.
You are amphibious.
You can wear up to eight rings at the same time.
Your skin changes colour to match your surroundings (Stealth+).
Your rubbery body absorbs attacks. (AC +1, EV +1)
((You are camouflaged when in or above water. (Stealth+)))
You have tentacles for arms and can constrict up to eight enemies at once.


Message History

Things that are here:
a +0 whip; a gnoll corpse You start resting.
HP restored.
You climb downwards.
The orc closely misses you. The orc barely misses you.
The orc hits you with a +0 whip. The orc hits you with a +5 falchion!
An orc wizard comes into view. It is wielding a +0 dagger.
There is a stone staircase leading up, spattered with blood here.
You are too injured to fight recklessly!
You are too injured to fight recklessly!
You are too injured to fight recklessly!
You are too injured to fight recklessly!
You are too injured to fight recklessly!
You are too injured to fight recklessly!
You are too injured to fight recklessly!
You are too injured to fight recklessly!
You are too injured to fight recklessly!
You barely miss the orc.
The orc wizard shouts!
You grab the orc.
You constrict the orc, but do no damage.
An orc comes into view. It is wielding a +0 trident.
The orc misses you. The orc hits you with a +5 falchion!
An adder comes into view.
The adder hisses angrily.
You hit the orc but do no damage. You squeeze the orc.
The orc is severely wounded.
You constrict the orc.
You kill the orc!
The orc hits you with a +0 whip.
Casting: Olgreb's Toxic Radiance (extremely dangerous; 26% risk of failure)
Press: ? - help, Q - select action, (/) - cycle Dir - look around, f - activate You miscast Olgreb's Toxic Radiance.
You are very lightly contaminated with residual magic.
You feel rather nauseous for a moment!
You are poisoned.
* * * LOW HITPOINT WARNING * * *
* * * LOW HITPOINT WARNING * * *
You feel sick. The orc hits you with a +0 whip.
You die...

.....
##########....#
#.............#
..............##
................
.............o..
.$..............
......).o...S...
......)@....oo..
................
................
................
................
..............#.
###..........##
####...#####
#....##


You could see 2 orc wizards, an adder and 2 orcs.

Vanquished Creatures
  A crimson imp (D:3)
  Terence (D:2)
  Natasha (twice) (D:3)
  12 gnolls
  2 adders (D:2)
  A dart slug (D:2)
  6 orcs (D:4)
  10 ball pythons
  7 bats
  5 endoplasms
  6 giant cockroaches
  4 goblins
  3 hobgoblins
  6 jackals
  5 quokkas
  A frilled lizard (D:2)
  A goblin skeleton (D:3)
  3 goblin zombies (D:3)
  A hobgoblin zombie (D:3)
  5 kobolds
  3 kobold skeletons (D:3)
  2 kobold zombies (D:3)
  An orc zombie (D:3)
  5 rats
93 creatures vanquished.

Notes
Turn   | Place    | Note
-------+----------+-------------------------------------------
     0 | D:1      | frimble the Octopode Warper began the quest for the Orb.
     0 | D:1      | Reached XP level 1. HP: 14/14 MP: 3/3
    61 | D:1      | Reached XP level 2. HP: 16/19 MP: 5/5
   125 | D:1      | Reached skill level 3 in Short Blades
   321 | D:1      | Learned a level 2 spell: Blink
   429 | D:1      | Reached XP level 3. HP: 21/24 MP: 6/6
   489 | D:1      | Reached skill level 1 in Poison Magic
   901 | D:2      | Noticed Terence
   908 | D:2      | Killed Terence
   909 | D:2      | Reached XP level 4. HP: 28/29 MP: 7/7
   918 | D:2      | Reached skill level 4 in Short Blades
   936 | D:2      | Reached XP level 5. HP: 14/34 MP: 8/8
  1368 | D:2      | You fall into a shaft and drop 1 floor!
  1867 | D:3      | Found a glowing golden altar of the Shining One.
  1879 | D:3      | Reached XP level 6. HP: 39/39 MP: 9/9
  1883 | D:3      | Noticed Natasha
  1886 | D:3      | Learned a level 4 spell: Olgreb's Toxic Radiance
  1891 | D:3      | Killed Natasha
  1897 | D:3      | Reached skill level 5 in Short Blades
  1960 | D:3      | Noticed Natasha
  1965 | D:3      | Killed Natasha
  2341 | D:3      | Found a bloodstained altar of Trog.
  2342 | D:3      | Found an ancient bone altar of Kikubaaqudgha.
  2343 | D:3      | Found a shimmering altar of Xom.
  2344 | D:3      | Found an opulent altar of Gozag.
  2357 | D:4      | Found Balar's Armour Shop.
  2549 | D:4      | Identified the +9 whip of Ciucatze {drain, rC+ rN+ Str+2}
  2782 | D:4      | Slain by an orc

Illustrated notes

Levels and vault maps discovered:
D:1:      psy_arrival_basics, layout_loops_ring, minmay_misc_feat_roman,
          minmay_tromino_i4
D:2:      layout_basic, uniq_terence
D:3:      layout_basic, nicolae_tso_besieged_by_evil,
          mainiacjoe_overflow_alcove_3, uniq_natasha
D:4:      layout_layer_cave, serial_shops, shop

Skill      XL: |  1  2  3  4  5  6 |
---------------+-------------------+-----
Short Blades   | 3 4 5 |  5.1
Poison Magic   | 2 3 4 |  4.6
Fighting       | |  2.2
Maces & Flails | |  0.6
Throwing       | |  1.0
Dodging        | |  2.3
Spellcasting   | |  2.0
Translocations | |  3.0

Action                     |  1- 3 |  4- 6 || total
---------------------------+-------+-------++-------
  Melee: Short sword       |    67 |       ||    67
         Tentacles         |    17 |    28 ||    45
         Constrict         |    16 |    38 ||    54
         Punch             |     2 |     3 ||     5
         Dagger            |    23 |   109 ||   132
         Whip              |       |    12 ||    12
    Use: Scroll            |     2 |     1 ||     3
   Stab: Sleeping          |     6 |     3 ||     9
         Distracted        |     1 |       ||     1
 Armour: Skin              |     4 |     5 ||     9
  Dodge: Dodged            |    60 |    64 ||   124

Table legend: (Time is in decaauts)
 A = Elapsed time spent in this place.
 B = Non-inter-level travel time spent in this place.
 C = Inter-level travel time spent in this place.
 D = Time resting spent in this place.
 E = Time spent auto-exploring this place.
 F = Levels seen in this place.
 G = Mean time per level.
                   A        B        C        D        E       F      G
               +--------+--------+--------+--------+--------+-----+--------+
         Total |   2746 |   2635 |    111 |     99 |   1973 |   4 |  686.5 |
       Dungeon |   2746 |   2635 |    111 |     99 |   1973 |   4 |  686.5 |
               +--------+--------+--------+--------+--------+-----+--------+

Top non-repeatable levels by time:
     D:1: 957 daAuts
     D:3: 825 daAuts
     D:2: 740 daAuts
     D:4: 224 daAuts
